 Dungeon Crawl Stone Soup version 0.27-a0-686-gaed091b46b (webtiles) character file.

Game seed: 3569076703690219810

122 Aapotti the Stinger (level 4, -6/33 HPs)
             Began as a Demigod Venom Mage on Mar 21, 2021.
             Splashed by a jelly's acid (7 damage)
             ... on level 2 of the Dungeon.
             The game lasted 00:06:12 (2746 turns).

Aapotti the Stinger (Demigod Venom Mage)            Turns: 2746, Time: 00:06:12

Health: -6/33      AC: -12   Str:  9    XL:     4   Next: 50%
Magic:  8/10       EV: 11    Int: 21    God:
Gold:   123        SH:  0    Dex: 14    Spells: 2/8 levels left

rFire    . . .     SeeInvis .   a - +1 dagger (elec)
rCold    . . .     Faith    .   (no shield)
rNeg     . . .     Spirit   .   d - +0 leather armour {Will+}
rPois    .         Reflect  .   (no helmet)
rElec    .         Harm     .   (no cloak)
rCorr    .         Rampage  .   (no gloves)
Will     +....                  (no boots)
Stlth    ++........             (no amulet)
HPRegen  0.11/turn              (no ring)
MPRegen  0.12/turn              (no ring)

@: corroded, very slightly contaminated
A: high mp 1, forlorn
a: no special abilities


You were on level 2 of the Dungeon.
You visited 1 branch of the dungeon, and saw 2 of its levels.

You collected 123 gold pieces.

Inventory:

Hand Weapons
 a - a +1 dagger of electrocution (weapon)
Armour
 d - a +0 leather armour of willpower (worn)
Scrolls
 e - 2 scrolls of fear {unknown}
 g - 3 scrolls of silence {unknown}
 h - 3 scrolls of teleportation {unknown}
Potions
 b - a potion of invisibility {unknown}
 c - a potion of degeneration {unknown}
 f - a potion of curing {unknown}
 i - a potion of ambrosia {unknown}
 j - a potion of flight {unknown}


   Skills:
 + Level 0.1 Fighting
 + Level 0.6 Short Blades
 + Level 1.6 Armour
 + Level 2.0 Dodging
 + Level 2.1 Stealth
 + Level 2.5 Spellcasting
 - Level 1.0 Transmutations
 + Level 0.2 Air Magic
 * Level 3.5 Poison Magic


You had 2 spell levels left.
You knew the following spells:

 Your Spells              Type           Power      Damage    Failure   Level
a - Sting                 Tmut/Pois      48%        1d5       8%          1
b - Poisonous Vapours     Pois/Air       20%        N/A       13%         2
c - Mephitic Cloud        Conj/Pois/Air  8%         N/A       34%         3

Your spell library contained the following spells:

 Spells                   Type           Power      Damage    Failure   Level
 Animate Skeleton         Necr           4%         N/A       19%         1
 Apportation              Tloc           4%         N/A       19%         1
 Corona                   Hex            2%         N/A       19%         1
 Summon Small Mammal      Summ           8%         N/A       19%         1
 Ignite Poison            Fire/Tmut/Pois 9%         N/A       30%         3
 Olgreb's Toxic Radiance  Pois           17%        N/A       41%         4


Dungeon Overview and Level Annotations

Branches:
Dungeon (2/15)


Innate Abilities, Weirdness & Mutations

Your attributes grow dramatically as you level up.
You have an increased reservoir of magic. (+10% MP)
You shall have no god before yourself.


Message History

The jelly is severely wounded.
The jelly hits you. The acid corrodes you!
You are splashed with acid!
You hit the jelly but do no damage. The acid corrodes you!
Your hands burn!
* * * LOW HITPOINT WARNING * * *
The jelly is severely wounded.
The jelly barely misses you.
Unknown command.
You see here a +0 short sword.
There is an open door here.
The jelly jiggles.
There is an open gate here.
Items here: ))) ÷.
Things that are here:
a +0 short sword; a kobold skeleton
Found a scroll labelled JEFRETRYW LEAREC.
A ball python comes into view.
Okay, then.
The ball python hisses angrily.
Casting: Sting (safe; 8% risk of failure)
Confirm with . or Enter, or press ? or * to list all spells.
Aiming: Sting (safe; 8% risk of failure)
Press: ? - help, Shift-Dir - straight line, f - jelly
Aim: a jelly (severely wounded, 0% to evade)
You miscast Sting.
You are very lightly contaminated with residual magic.
Nothing appears to happen.
The jelly hits you.
* * * LOW HITPOINT WARNING * * *
The acid corrodes you!
You are splashed with acid.
* * * LOW HITPOINT WARNING * * *
Casting: Sting (safe; 8% risk of failure)
Confirm with . or Enter, or press ? or * to list all spells.
Aiming: Sting (safe; 8% risk of failure)
Press: ? - help, Shift-Dir - straight line, f/p - jelly
Aim: a jelly (severely wounded, 0% to evade)
The sting hits the jelly.
The jelly is poisoned.
The jelly is severely wounded.
The jelly hits you.
* * * LOW HITPOINT WARNING * * *
The acid corrodes you!
You are splashed with acid!
You die...

#.#......# #.#
#.#.#.###############.#
#.....................#
###.......#############
###########)###.#
##......####)# #.#
.#)......##..# #.#
.#........'..# #J#
.#.......÷'..# #@#
)#'#......'..# #S#
.#.#.....##..# #.#
.#.#....###..# #?#
#.####### #......# ###
..###### ...


You could see a jelly (poisoned) and a ball python.

Vanquished Creatures
  A scorpion (D:2)
  4 oozes (D:2)
  A worm (D:2)
  A leopard gecko (D:2)
  A ball python (D:2)
  6 bats
  8 goblins (D:1)
  7 hobgoblins
  2 quokkas (D:1)
  3 frilled lizards
  13 kobolds
  2 rats (D:1)
49 creatures vanquished.

Vanquished Creatures (others)
  10 toadstools (D:2)
10 creatures vanquished.

Grand Total: 59 creatures vanquished

Notes
Turn   | Place    | Note
-------+----------+-------------------------------------------
     0 | D:1      | Aapotti the Demigod Venom Mage began the quest for the Orb.
     0 | D:1      | Reached XP level 1. HP: 14/14 MP: 5/5
   436 | D:1      | Reached skill level 3 in Poison Magic
   517 | D:1      | Reached XP level 2. HP: 20/20 MP: 2/7
   521 | D:1      | Learned a level 2 spell: Poisonous Vapours
   772 | D:1      | Reached skill level 1 in Transmutations
  1739 | D:1      | Reached XP level 3. HP: 22/26 MP: 1/8
  2242 | D:2      | Noticed a scorpion
  2247 | D:2      | Killed a scorpion
  2248 | D:2      | Reached skill level 1 in Armour
  2248 | D:2      | Reached XP level 4. HP: 33/33 MP: 5/10
  2638 | D:2      | Learned a level 3 spell: Mephitic Cloud
  2746 | D:2      | HP: 1/33 [jelly (1)]
  2746 | D:2      | Splashed by a jelly's acid

Illustrated notes

Levels and vault maps discovered:
D:1:      dpeg_cavernosity, layout_basic, palyth_stone_intersect,
          minmay_misc_feat_five
D:2:      cheibrodos_fertilizer, layout_basic

Skill      XL: |  1  2  3 |
---------------+----------+-----
Poison Magic   | 3 |  3.5
Spellcasting   | 2 |  2.5
Transmutations | 1 |  1.0
Stealth        | 2 |  2.1
Dodging        | 2 |  2.0
Armour         | 1 |  1.6
Fighting       | |  0.1
Short Blades   | |  0.6
Air Magic      | |  0.2

Action                   |  1- 3 |  4- 6 || total
-------------------------+-------+-------++-------
Melee: Dagger            |    13 |    41 ||    54
       Unarmed           |     5 |       ||     5
       Rapier            |    26 |       ||    26
 Cast: Sting             |    41 |    10 ||    51
       Poisonous Vapours |     5 |     1 ||     6
 Stab: Sleeping          |     1 |       ||     1
Armor: Robe              |     7 |       ||     7
       Leather armour    |     6 |     6 ||    12
Dodge: Dodged            |    28 |    17 ||    45

Table legend: (Time is in decaauts)
 A = Elapsed time spent in this place.
 B = Non-inter-level travel time spent in this place.
 C = Inter-level travel time spent in this place.
 D = Time resting spent in this place.
 E = Time spent auto-exploring this place.
 F = Levels seen in this place.
 G = Mean time per level.
                   A        B        C        D        E       F      G
               +--------+--------+--------+--------+--------+-----+--------+
         Total |   2748 |   2691 |     57 |    953 |   1358 |   2 | 1374.0 |
       Dungeon |   2748 |   2691 |     57 |    953 |   1358 |   2 | 1374.0 |
               +--------+--------+--------+--------+--------+-----+--------+

Top non-repeatable levels by time:
     D:1: 2008 daAuts
     D:2: 740 daAuts
